 Dungeon Crawl Stone Soup version 0.30-a0-605-gb2882149bf (webtiles) character file.

Game seed: 1223859078120799445

222 acebull12 the Sneak (level 5, -1/35 HPs)
             Began as an Octopode Brigand on Jan 7, 2023.
             Was a Believer of Dithmenos.
             Slain by a gnoll
             ... wielding a +0 club
              (5 damage)
             ... on level 4 of the Dungeon.
             The game lasted 00:09:13 (3020 turns).

acebull12 the Sneak (Octopode Brigand)              Turns: 3020, Time: 00:09:13

Health: -1/35      AC:  1    Str: 11    XL:     5   Next: 99%
Magic:  5/5        EV: 13    Int: 13    God:    Dithmenos [**....]
Gold:   179        SH:  0    Dex: 15    Spells: 4/4 levels left

rFire   . . .      SeeInvis +    a - +2 dagger
rCold   . . .      Faith    .    (no shield)
rNeg    . . .      Spirit   .    (helmet restricted)
rPois   .          Reflect  .    (no amulet)
rElec   .          Harm     .    p - ring of see invisible
rCorr   .          Rampage  .    (no ring)
Will    .....                    (no ring)
Stlth   ++++++                   (no ring)
HPRegen 0.25/turn                (no ring)
MPRegen 0.09/turn                (no ring)
                                 (no ring)
                                 (no ring)

@: attractive, wreathed by umbra
A: almost no armour, amphibious, 8 rings, camouflage 1, gelatinous body 1,
(nimble swimmer 1), tentacles
a: Renounce Religion, Shadow Step


You were on level 4 of the Dungeon.
You worshipped Dithmenos.
Dithmenos was pleased with you.
You visited 1 branch of the dungeon, and saw 4 of its levels.

You collected 179 gold pieces.

Inventory:

Hand Weapons
 a - a +2 dagger (weapon)
Missiles
 b - 13 poisoned darts (quivered)
 c - 3 curare-tipped darts
Jewellery
 p - a ring of see invisible (left tentacle)
 q - a +4 ring of protection
Wands
 s - a wand of flame (9)
Scrolls
 h - 3 scrolls of teleportation {unknown}
 j - 2 scrolls of blinking {unknown}
 k - a scroll of poison {unknown}
 l - 3 scrolls of identify {unknown}
 m - 2 scrolls of enchant weapon {unknown}
 r - a scroll of silence {unknown}
Potions
 d - a potion of attraction
 e - a potion of heal wounds {unknown}
 f - a potion of lignification {unknown}
 g - a potion of flight {unknown}
 i - 3 potions of brilliance {unknown}
 n - 2 potions of cancellation {unknown}
 o - a potion of curing {unknown}


   Skills:
 * Level 2.7 Fighting
 * Level 3.7 Short Blades
 + Level 2.2 Throwing
 + Level 1.3 Dodging
 + Level 7.8 Stealth


You had 4 spell levels left.
You didn't know any spells.
Your spell library contained the following spells:

 Spells                   Type           Power      Damage    Failure   Level
 Vhi's Electric Charge    Tloc/Air       0%         N/A       67%         3
 Arcjolt                  Conj/Air       0%         1d10      100%        5
 Maxwell's Capacitive Co  Air            0%         ∞         100%        8


Dungeon Overview and Level Annotations

Branches:
Dungeon (4/15)
 Temple: D:4-7

Altars:
Ashenzari
Dithmenos
Qazlal


Innate Abilities, Weirdness & Mutations

You cannot wear most types of armour.
You are amphibious.
You can wear up to eight rings at the same time.
Your skin changes colour to match your surroundings (Stealth+).
Your rubbery body absorbs attacks. (AC +1, EV +1)
((You are camouflaged when in or above water. (Stealth+)))
You have tentacles for arms and can constrict up to eight enemies at once.


Message History

The gnoll shouts!
You grab the gnoll. You constrict the gnoll.
You hear a shout!
The gnoll barely misses you.
You hear a shout!
You hit the gnoll. You squeeze the gnoll.
The gnoll is moderately wounded.
You constrict the gnoll, but do no damage.
A gnoll comes into view. It is wielding a +0 whip.
A gnoll comes into view. It is wielding a +0 halberd.
The gnoll hits you with a +0 spear.
You hit the gnoll.
The gnoll is heavily wounded.
You constrict the gnoll, but do no damage.
You hit the gnoll.
The gnoll is heavily wounded.
You constrict the gnoll. The gnoll hits you with a +0 spear.
You hit the gnoll.
The gnoll is almost dead.
You constrict the gnoll.
You kill the gnoll!
Dithmenos accepts your kill.
You hit the gnoll. Your grab misses the gnoll. Your squeeze misses the gnoll.
The gnoll is moderately wounded.
The gnoll hits you with a +0 club. The gnoll attacks as you move away!
The gnoll barely misses you. The gnoll attacks as you move away!
The gnoll barely misses you. The gnoll attacks as you move away!
The gnoll closely misses you.
A kobold comes into view. It is wielding a +0 short sword.
The gnoll attacks as you move away! The gnoll barely misses you.
The gnoll attacks as you move away! The gnoll hits you with a +0 club!
The gnoll attacks as you move away! The gnoll hits you with a +0 club!
* * * LOW HITPOINT WARNING * * *
The gnoll attacks as you move away! The gnoll hits you with a +0 club!
* * * LOW HITPOINT WARNING * * *
It was a potion of attraction.
You feel attractive to monsters. The gnoll is attracted toward you.
The gnoll hits you with a +0 club.
You die...

#....###### #.#
#.........#####.#
#....#..........##.#
#...#.....##.##.##.#
#..###...###.##.##.#
.... ##..# #.##.##.#
##. #..# #.......#
#..# ####.####
#@.######.#
#.g.......#
#g######### #g.....#
#.####.#
.######§####.###
................
.######.####.###
##...## #


You could see 3 gnolls.

Vanquished Creatures
  The ghost of pigah the Trooper, an amateur OpWn (D:3)
  A gnoll (D:4)
  2 adders (D:3)
  4 worms
  A dart slug (D:2)
  2 orcs
  13 ball pythons
  9 endoplasms
  A giant cockroach (D:3)
  9 goblins
  12 hobgoblins
  7 jackals
  4 quokkas
  7 bats
  6 frilled lizards
  5 kobolds
  4 rats
  A spectral hobgoblin (D:2)
89 creatures vanquished.

Notes
Turn   | Place    | Note
-------+----------+-------------------------------------------
     0 | D:1      | acebull12 the Octopode Brigand began the quest for the Orb.
     0 | D:1      | Reached XP level 1. HP: 14/14 MP: 1/1
   167 | D:1      | Reached XP level 2. HP: 17/19 MP: 2/2
   180 | D:1      | Reached skill level 6 in Stealth
   445 | D:1      | Reached XP level 3. HP: 24/24 MP: 3/3
   730 | D:2      | Found a faded altar of an unknown god.
   763 | D:2      | Prayed at the altar of an unknown god.
   763 | D:2      | Became a worshipper of Dithmenos the Shadowed
   763 | D:2      | Reached * piety under Dithmenos
  1260 | D:2      | Reached XP level 4. HP: 29/29 MP: 4/4
  1275 | D:3      | Found a stormy altar of Qazlal.
  1486 | D:2      | Reached skill level 7 in Stealth
  1692 | D:3      | Found a runed translucent door.
  2039 | D:3      | Reached ** piety under Dithmenos
  2385 | D:3      | Noticed pigah's ghost (amateur OpWn)
  2417 | D:3      | Reached XP level 5. HP: 35/35 MP: 5/5
  2419 | D:3      | Killed pigah's ghost
  2854 | D:4      | Found a broken altar of Ashenzari.
  3020 | D:4      | Slain by a gnoll

Illustrated notes

Levels and vault maps discovered:
D:1:      dpeg_arrival_rooms_b, layout_basic
D:2:      layout_loops_ring, dreamdust_ecumenical_altar_drowned_temple,
          minmay_fractal_squares_gapless_5
D:3:      layout_basic, overflow_temple_1_default, ebering_ghost_sewer_d
D:4:      layout_loops_corners, mainiacjoe_overflow_surrounded_room,
          evilmike_ruin_ashenzari, vehumet_altar_wand_db, hex_large

Skill      XL: |  1  2  3  4 |
---------------+-------------+-----
Stealth        | 6 7 |  7.8
Short Blades   | 3 |  3.7
Fighting       | |  2.7
Throwing       | |  2.2
Dodging        | |  1.3

Action                   |  1- 3 |  4- 6 || total
-------------------------+-------+-------++-------
Melee: Dagger            |    75 |    81 ||   156
       Tentacles         |    21 |    15 ||    36
       Constrict         |    15 |    19 ||    34
       Punch             |     2 |       ||     2
  Use: Potion            |       |     1 ||     1
 Stab: Sleeping          |    15 |    14 ||    29
Armor: Skin              |     2 |     3 ||     5
Dodge: Dodged            |    30 |    46 ||    76

Table legend: (Time is in decaauts)
 A = Elapsed time spent in this place.
 B = Non-inter-level travel time spent in this place.
 C = Inter-level travel time spent in this place.
 D = Time resting spent in this place.
 E = Time spent auto-exploring this place.
 F = Levels seen in this place.
 G = Mean time per level.
                   A        B        C        D        E       F      G
               +--------+--------+--------+--------+--------+-----+--------+
         Total |   3003 |   2665 |    338 |    155 |   1925 |   4 |  750.8 |
       Dungeon |   3003 |   2665 |    338 |    155 |   1925 |   4 |  750.8 |
               +--------+--------+--------+--------+--------+-----+--------+

Top non-repeatable levels by time:
     D:3: 1111 daAuts
     D:2: 975 daAuts
     D:1: 654 daAuts
     D:4: 262 daAuts
